 Dungeon Crawl Stone Soup version 0.31-a0-854-g362426d53f (webtiles) character file.

Game seed: 5637779161127882635

1827 MackTheKnife the Slicer (level 8, -26/67 HPs)
             Began as a Demonspawn Fighter on Oct 9, 2023.
             Was a Priest of Okawaru.
             Hit by a large rock thrown by a cyclops (36 damage)
             ... on level 6 of the Dungeon.
             The game lasted 00:07:26 (5738 turns).

MackTheKnife the Slicer (Demonspawn Fighter)        Turns: 5738, Time: 00:07:27

Health: -26/67     AC: 11    Str: 17    XL:     8   Next: 86%
Magic:  8/8        EV: 10    Int: 10    God:    Okawaru [***...]
Gold:   565        SH:  4    Dex: 14    Spells: 7/7 levels left

rFire   . . .        d - +2 short sword (venom) {short}
rCold   + . .        c - +0 buckler
rNeg    . . .        H - +0 ring mail
rPois   +            (no helmet)
rElec   .            A - +0 cloak
rCorr   .            (no gloves)
SInv    .            x - +2 pair of boots {Fly}
Will    .....        t - amulet of magic regeneration {@e2}
Stlth   +            C - ring of poison resistance
HPRegen 0.31/turn    s - ring of protection from cold
MPRegen 0.51/turn

%: no passive effects
@: flying
A: thin metallic scales 1, powered by pain 3
a: Renounce Religion, Heroism


You were on level 6 of the Dungeon.
You worshipped Okawaru.
Okawaru was most pleased with you.
You visited 2 branches of the dungeon, and saw 7 of its levels.
You also visited: Ossuary.

You collected 565 gold pieces.


Innate Abilities, Weirdness & Mutations

You are partially covered in thin metallic scales. (AC +2)
You are powered by pain.


   Skills:
 + Level 7.1 Fighting
 + Level 8.9 Short Blades
 - Level 2.6 Armour
 - Level 2.6 Shields


You had 7 spell levels left.
You didn't know any spells.
Your spell library contained the following spells:

 Spells                   Type           Power      Damage    Failure   Level
 Shock                    Conj/Air       0%         1d3       65%         1
 Sting                    Tmut/Pois      0%         1d3       65%         1
 Poisonous Vapours        Pois/Air       0%         N/A       80%         2
 Inner Flame              Hex/Fire       0%         N/A       95%         3
 Swiftness                Air            0%         N/A       95%         3
 Airstrike                Air            0%         2d(0-16)  100%        4
 Brom's Barrelling Bould  Conj/Erth      0%         2d3       100%        4
 Olgreb's Toxic Radiance  Pois           0%         N/A       100%        4
 Fireball                 Conj/Fire      0%         3d3       100%        5
 Iskenderun's Battlesphe  Conj           0%         2d6       100%        5
 Yara's Violent Unravell  Hex/Tmut       0%         3d3       100%        5
 Conjure Ball Lightning   Conj/Air       0%         3x3d6     100%        6
 Enfeeble                 Hex            0%         N/A       100%        7
 Orb of Destruction       Conj           0%         9d5       100%        7

Inventory:

Hand Weapons
 d - a +2 short sword of venom (weapon) {short}
   (You took it off a kobold on level 4 of the Dungeon)
Missiles
 r - 2 poisoned darts {throwing}
Armour
 c - a +0 buckler (worn)
 x - a +2 pair of boots of flying (worn)
   (You found it on level 4 of the Dungeon)
 A - a +0 cloak (worn)
   (You found it on level 4 of the Dungeon)
 D - a +0 kite shield
   (You found it on level 5 of the Dungeon)
 H - a +0 ring mail (worn)
   (You found it on level 5 of the Dungeon)
Jewellery
 b - a ring of resist corrosion
   (You found it on level 5 of the Dungeon)
 s - a ring of protection from cold (right hand)
   (You took it off a goblin on level 3 of the Dungeon)
 t - an amulet of magic regeneration (around neck) {@e2}
   (You found it on level 3 of the Dungeon)
 C - a ring of poison resistance (left hand)
   (You found it on level 5 of the Dungeon)
Scrolls
 a - a scroll of brand weapon
 g - 5 scrolls of teleportation {@r4}
 k - a scroll of identify {@r1}
 l - a scroll of blinking {!r}
 o - a scroll of torment {!r}
 v - a scroll of noise {unknown}
 y - a scroll of fog {unknown}
 z - 2 scrolls of enchant weapon
 E - a scroll of poison {unknown}
 G - a scroll of enchant armour {unknown}
Potions
 e - 3 potions of enlightenment
 f - 2 potions of lignification {unknown}
 h - a potion of brilliance {unknown}
 i - a potion of experience {unknown}
 j - 3 potions of curing {@q1}
 m - 3 potions of cancellation {unknown}
 n - 2 potions of mutation {unknown}
 p - 3 potions of heal wounds {unknown}
 q - a potion of haste {unknown}
 u - 2 potions of magic {unknown}
 B - 2 potions of attraction {unknown}
 F - 2 potions of ambrosia {unknown}
 I - a potion of might

Dungeon Overview and Level Annotations

Branches:
Dungeon (6/15) Zot: 26451  Temple (1/1) D:4 Zot: 5965 Ossuary (visited)

Altars:
Ashenzari
Cheibriados
Fedhas
Gozag
Hepliaklqana
Kikubaaqudgha
Nemelex Xobeh
Okawaru
Qazlal
Ru
Sif Muna
Trog
Wu Jian
Xom
Yredelemnul

#####.##.# ##.####...####....
.........#######...###.##...)##.#
......................####...##.#
####.......[..##.....## ##.##..#
##.........####.....# #..#...
##..........#........## #......
#........##...........## ##......
.......######.......#..###.....(.
......## #...@..###...........
......# #..###..##....#......
##[...### #C####..##...####....
##.....## ##...........## #.##
##......###...###.....## .#
#...........### ####.## ##
#........##.## ##...#####
##....##.###..#####........#
#.[...##.# #............###.


You could see a cyclops (extremely poisoned).


Message History

You puncture the orc!
You kill the orc!
Okawaru accepts your kill.
No target in view!
You see here a +0 club {mace}.
g - 5 scrolls of teleportation {@r4} (gained 1)
You feel a little less mighty now.
You now have 557 gold pieces (gained 16).
Key pressed, stopping explore.
Found a stone staircase leading down.
There is a stone staircase leading down here.
Blork the orc comes into view.
He is wielding a +1 hand axe of pain.
Unknown command.
You aren't carrying any items that you can evoke.
Okay, then.
You start waiting.
Blork the orc is nearby!
Blork the orc gestures at you while chanting.
The puff of flame hits you. 😕 HP[-6]
You take 6 damage, and now have 61/67 hp.
Blork the orc screams, "I'll decorate my home with your organs!"
You block Blork the orc's attack.
You hit Blork the orc. You hit Blork the orc.
Blork the orc is poisoned.
Blork the orc hits you with a +1 hand axe of pain. 😕 HP[-3]
You take 3 damage, and now have 58/67 hp.
You barely miss Blork the orc. Blork the orc barely misses you.
You hit Blork the orc.
Blork the orc looks as sick as possible!
You hit Blork the orc.
Blork the orc looks as sick as possible!
You block Blork the orc's attack.
You hit Blork the orc.
Blork the orc looks as sick as possible!
Blork the orc hits you with a +1 hand axe of pain. 😕 HP[-3]
You take 3 damage, and now have 55/67 hp.
Unknown command.
You hit Blork the orc. 😕 HP[+1]
You barely miss Blork the orc. You block Blork the orc's attack.
You closely miss Blork the orc. You closely miss Blork the orc.
Blork the orc miscasts a cantrip.
You hit Blork the orc.
You kill Blork the orc!
Okawaru accepts your kill.
Things that are here:
a +1 hand axe of pain {axe}; a +0 robe; 😕 HP[+1]
You now have 565 gold pieces (gained 8).
Key pressed, stopping explore.
A cyclops is nearby! 😎 HP[+10]
Your hp is fully restored (67).
The cyclops shouts!
The cyclops throws a large rock.
The large rock completely misses you.
You hit the cyclops. You hit the cyclops.
The cyclops is poisoned.
The cyclops barely misses you.
You hit the cyclops.
The cyclops looks as sick as possible!
You completely miss the cyclops. You hit the cyclops but do no damage.
The cyclops hits you but does no damage.
You hit the cyclops.
The cyclops looks as sick as possible!
You hit the cyclops.
The cyclops looks as sick as possible!
The cyclops hits you! 😕 HP[-9]
You take 9 damage, and now have 58/67 hp.
You hit the cyclops but do no damage.
The cyclops looks as sick as possible!
You hit the cyclops. 😕 HP[+1]
You hit the cyclops. The cyclops hits you. 😕 HP[-5]
You take 5 damage, and now have 54/67 hp.
Unknown command.
You hit the cyclops.
The cyclops looks as sick as possible!
You hit the cyclops. The cyclops misses you.
You hit the cyclops but do no damage.
The cyclops looks as sick as possible!
You hit the cyclops but do no damage.
The cyclops looks as sick as possible!
You hit the cyclops. The cyclops hits you!!
* * * LOW HITPOINT WARNING * * *
😨 HP[-27]
You take 27 damage, and now have 27/67 hp.
MASSIVE DAMAGE!! (PAUSE)
You hit the cyclops but do no damage. You barely miss the cyclops.
The cyclops hits you!!
* * * LOW HITPOINT WARNING * * *
😱 HP[-26]
You take 26 damage, and now have 1/67 hp.
MASSIVE DAMAGE!! (PAUSE)
You feel better.
You block the cyclops's attack. 😱 HP[+8]
You regained 8 hp, and now have 9/67 hp. 😱 HP[+1] Unknown command.
Unknown command.
The cyclops throws a large rock.
The large rock hits you!!!
Ouch! That really hurt!
You die...

Skill      XL: |  1  2  3  4  5  6  7  8 |
---------------+-------------------------+-----
Short Blades   | 2 3 4 6 7 8 |  8.9
Fighting       | 4 5 7 |  7.1
Armour         | |  2.6
Shields        | |  2.6

Action                     |  1- 3 |  4- 6 |  7- 9 || total
---------------------------+-------+-------+-------++-------
  Melee: Rapier            |   182 |    22 |       ||   204
         Short sword       |       |    50 |   322 ||   372
 Invoke: Heroism           |       |       |     1 ||     1
  Evoke: Wand              |       |     2 |     8 ||    10
    Use: Potion            |       |     1 |     1 ||     2
         Scroll            |       |       |     7 ||     7
 Armour: Scale mail        |   105 |    40 |    87 ||   232
         Ring mail         |       |       |    37 ||    37
  Dodge: Dodged            |    62 |    31 |    65 ||   158
  Block: Buckler           |    34 |     9 |    25 ||    68

Levels and vault maps discovered:
D:1:      ldierk_walled_garden_2, layout_rooms, minmay_misc_feat_room
D:2:      layout_basic
D:3:      layout_basic, lemuel_crystal_altar
D:4:      layout_basic, mainiacjoe_overflow_tiny_flanked,
          minmay_temple_entry_hall, minmay_misc_feat_enclosed, uniq_sigmund
D:5:      layout_basic, mainiacjoe_overflow_chevrons, enter_ossuary_4,
          uniq_edmund, uniq_pikel
D:6:      layout_layer_cave, nicolae_overflow_hidden_temple, uniq_blork_the_orc,
          uniq_prince_ribbit1
Temple:   nicolae_temple_god_jail

Notes
Turn   | Place    | Note
-------+----------+-------------------------------------------
     0 | D:1      | MackTheKnife the Demonspawn Fighter began the quest for the
                  | Orb.
     0 | D:1      | Reached XP level 1. HP: 18/18 MP: 1/1
     0 | D:1      | magus.rc [v1.9.6]
    84 | D:1      | Reached skill level 2 in Short Blades
   137 | D:1      | Gained mutation: You are partially covered in thin metallic
                  | scales. (AC +2) [demonic ancestry]
   137 | D:1      | Reached XP level 2. HP: 20/24 MP: 2/2
   350 | D:1      | You add the spells Sting, Poisonous Vapours and Olgreb's
                  | Toxic Radiance to your library.
   421 | D:1      | Reached skill level 3 in Short Blades
   445 | D:2      | You pick up a book of Air and begin reading...
   445 | D:2      | You add the spells Shock, Swiftness and Airstrike to your
                  | library.
   510 | D:2      | Gained mutation: You sometimes gain a little power by
                  | taking damage. [demonic ancestry]
   510 | D:2      | Reached XP level 3. HP: 23/29 MP: 3/3
  1277 | D:3      | You pick up a book of the Spheres and begin reading...
  1277 | D:3      | You add the spells Brom's Barrelling Boulder, Iskenderun's
                  | Battlesphere, Fireball, Conjure Ball Lightning and Orb of
                  | Destruction to your library.
  1387 | D:3      | Found a basalt altar of Yredelemnul.
  1822 | D:3      | Reached skill level 4 in Short Blades
  1822 | D:3      | Gained mutation: You sometimes gain power by taking damage.
                  | [demonic ancestry]
  1822 | D:3      | Reached XP level 4. HP: 16/35 MP: 4/4
  1966 | D:4      | Noticed a scorpion
  1971 | D:4      | Killed a scorpion
  1972 | D:4      | Gained mutation: You are powered by pain. [demonic
                  | ancestry]
  1972 | D:4      | Reached XP level 5. HP: 30/41 MP: 5/5
  2155 | D:4      | Reached skill level 5 in Short Blades
  2386 | D:4      | Found a sacrificial altar of Ru.
  2616 | D:4      | Found a staircase to the Ecumenical Temple.
  2634 | Temple   | Entered the Ecumenical Temple
  2652 | Temple   | Became a worshipper of Warmaster Okawaru
  2711 | D:4      | HP: 6/41 [orc priest/divine providence (10)]
  2950 | D:4      | Noticed Sigmund
  2961 | D:4      | Killed Sigmund
  2961 | D:4      | Reached * piety under Okawaru
  2962 | D:4      | Reached skill level 6 in Short Blades
  2962 | D:4      | Reached XP level 6. HP: 46/47 MP: 6/6
  3058 | D:4      | You pick up a book of Misfortune and begin reading...
  3058 | D:4      | You add the spells Inner Flame, Yara's Violent Unravelling
                  | and Enfeeble to your library.
  3256 | D:5      | Entered Level 5 of the Dungeon
  3256 | D:5      | Noticed Pikel
  3276 | D:4      | Killed Pikel
  3276 | D:4      | Reached ** piety under Okawaru
  3277 | D:4      | Reached skill level 4 in Fighting
  3277 | D:4      | Reached skill level 7 in Short Blades
  3277 | D:4      | Reached XP level 7. HP: 33/55 MP: 7/7
  3384 | D:5      | Found a stormy altar of Qazlal.
  3427 | D:5      | Reached skill level 5 in Fighting
  3477 | D:5      | Reached XP level 8. HP: 62/62 MP: 8/8
  3527 | D:5      | Found a sand-covered staircase.
  3544 | Ossuary  | Entered an ossuary
  3798 | Ossuary  | Reached skill level 8 in Short Blades
  4267 | D:5      | Noticed Edmund
  4324 | D:5      | Reached skill level 6 in Fighting
  4346 | D:5      | Killed Edmund
  4554 | D:5      | Reached *** piety under Okawaru
  5321 | D:6      | Noticed a cyclops
  5389 | D:6      | Reached skill level 7 in Fighting
  5575 | D:6      | Noticed Blork the orc
  5596 | D:6      | Killed Blork the orc
  5734 | D:6      | HP: 1/67 [cyclops (26)]
  5738 | D:6      | Hit by a large rock thrown by a cyclops

Vanquished Creatures
  Pikel (D:4)
  Sigmund (D:4)
  Edmund (D:5)
  4 ogres (D:5)
  2 phantoms (D:5)
  Blork the orc (D:6)
  2 scorpions
  A hound (D:5)
  2 jellies
  3 orc priests
  An iguana (D:5)
  An orc wizard (D:5)
  8 mummies (Ossuary)
  4 adders
  An ufetubus (D:4)
  A worm (D:2)
  2 dart slugs
  11 orcs
  7 ball pythons
  3 bats (D:3)
  7 endoplasms
  A giant cockroach (D:4)
  8 goblins
  2 hobgoblins (D:2)
  8 kobolds
  A quokka (D:3)
  3 frilled lizards
  2 gnoll zombies (Ossuary)
  A goblin zombie (D:5)
  4 hobgoblin zombies (Ossuary)
  A kobold zombie (Ossuary)
  An orc zombie (Ossuary)
  A quokka zombie (D:5)
  2 rats
99 creatures vanquished.

Table legend:
 A = Non-vault XP
 B = Vault XP
 C = Vault XP percentage of total XP
 D = Non-vault monster count
 E = Vault monster count
 F = Vault count percentage of total count
                 A         B        C        D         E       F
            +---------+---------+-------+---------+---------+-------
      Total |    1347 |    1264 |  48.4 |      77 |      22 |  22.2
            +---------+---------+-------+---------+---------+-------
        D:1 |      34 |       0 |   0.0 |      14 |       0 |   0.0
        D:2 |      20 |       0 |   0.0 |       9 |       0 |   0.0
        D:3 |      76 |       0 |   0.0 |      19 |       0 |   0.0
        D:4 |     240 |     860 |  78.2 |      14 |       2 |  12.5
        D:5 |     965 |     156 |  13.9 |      17 |       3 |  15.0
        D:6 |      12 |      94 |  88.7 |       4 |       1 |  20.0
    Ossuary |       0 |     154 | 100.0 |       0 |      16 | 100.0
            +---------+---------+-------+---------+---------+-------

Skill      XL: |  1  2  3  4  5  6  7  8 |
---------------+-------------------------+-----
Short Blades   | 2 3 4 6 7 8 |  8.9
Fighting       | 4 5 7 |  7.1
Armour         | |  2.6
Shields        | |  2.6

Action                     |  1- 3 |  4- 6 |  7- 9 || total
---------------------------+-------+-------+-------++-------
  Melee: Rapier            |   182 |    22 |       ||   204
         Short sword       |       |    50 |   322 ||   372
 Invoke: Heroism           |       |       |     1 ||     1
  Evoke: Wand              |       |     2 |     8 ||    10
    Use: Potion            |       |     1 |     1 ||     2
         Scroll            |       |       |     7 ||     7
 Armour: Scale mail        |   105 |    40 |    87 ||   232
         Ring mail         |       |       |    37 ||    37
  Dodge: Dodged            |    62 |    31 |    65 ||   158
  Block: Buckler           |    34 |     9 |    25 ||    68

Illustrated notes

Table legend:
 A = Kills in this place as a percentage of kills in the entire game.
 B = Kills by you in this place as a percentage of kills by you in the entire game.
 C = Kills by friends in this place as a percentage of kills by friends in the entire game.
 D = Other kills in this place as a percentage of other kills in the entire game.
 E = Experience gained in this place as a percentage of experience gained in the entire game.
 F = Experience gained in this place divided by the number of levels of this place that you have seen.
                   A       B       C       D       E      F
               +-------+-------+-------+-------+-------+----------------------
         Total | 100.0 | 100.0 |   N/A |   N/A | 100.0 | 326.4
       Dungeon |  83.8 |  83.8 |   N/A |   N/A |  94.1 | 409.5
       Ossuary |  16.2 |  16.2 |   N/A |   N/A |   5.9 | 154.0
               +-------+-------+-------+-------+-------+----------------------

Table legend: (Time is in decaauts)
 A = Elapsed time spent in this place.
 B = Non-inter-level travel time spent in this place.
 C = Inter-level travel time spent in this place.
 D = Time resting spent in this place.
 E = Time spent auto-exploring this place.
 F = Levels seen in this place.
 G = Mean time per level.
                   A        B        C        D        E       F      G
               +--------+--------+--------+--------+--------+-----+--------+
         Total |   5627 |   5428 |    199 |    821 |   3446 |   8 |  703.4 |
       Dungeon |   5082 |   4899 |    183 |    662 |   3270 |   6 |  847.0 |
        Temple |     34 |     18 |     16 |      0 |      0 |   1 |   34.0 |
       Ossuary |    509 |    509 |      0 |    159 |    176 |   1 |  509.0 |
               +--------+--------+--------+--------+--------+-----+--------+

Top non-repeatable levels by time:
     D:4: 1371 daAuts
     D:5: 1311 daAuts
     D:3: 923 daAuts
     D:2: 606 daAuts
 Ossuary: 509 daAuts
     D:6: 447 daAuts
     D:1: 422 daAuts
  Temple: 34 daAuts
